 Dungeon Crawl Stone Soup version 0.19-b1-4-gd8a0a2a (webtiles) character file.

69 Gorglomux the Digger (level 4, -7/24 HPs)
             Began as a Gargoyle Earth Elementalist on Oct 31, 2016.
             Mangled by Gorglomux's ghost (8 damage)
             ... on level 3 of the Dungeon.
             The game lasted 00:07:11 (1864 turns).

Gorglomux the Digger (Gargoyle Earth Elementalist)  Turns: 1864, Time: 00:07:12

Health: -7/24      AC:  5    Str: 11    XL:     4   Next: 20%
Magic:  4/8        EV: 12    Int: 17    God:
Gold:   150        SH:  0    Dex: 10    Spells: 2 memorised, 4 levels left

rFire  . . .     SeeInvis .     b - 18 stones
rCold  . . .     Gourm    .     c - +0 robe
rNeg   + . .     Faith    .     (no shield)
rPois  ∞         Spirit   .     (no helmet)
rElec  +         Reflect  .     (no cloak)
rCorr  .         Harm     .     (no gloves)
MR     .....                    (no boots)
Stlth  ++........               (no amulet)
                                (no ring)
                                (no ring)

@: no status effects
A: negative energy resistance 1, electricity resistance, unbreathing,
petrification resistance, rot immunity, AC +3
a: no special abilities


You were on level 3 of the Dungeon.
You were hungry.

You visited 1 branch of the dungeon, and saw 3 of its levels.

You collected 150 gold pieces.

Inventory:

Missiles
 b - 18 stones (in hand)
 f - 11 poisoned needles
 h - 3 curare-tipped needles
Armour
 c - a +0 robe (worn)
Scrolls
 a - a scroll of fear {unknown}
 j - a scroll of magic mapping {unknown}
 k - a scroll of teleportation
 m - 2 scrolls of immolation {unknown}
 o - a scroll of identify {unknown}
 s - a scroll of random uselessness {unknown}
Potions
 g - a potion of lignification {unknown}
 n - a potion of curing {unknown}
Books
 e - a book of Geomancy

   Spells                             Type                      Level
   a - Sandblast                      Earth                        1
   b - Passwall                       Transmutation/Earth          2
   c - Stone Arrow                    Conjuration/Earth            3
   d - Petrify                        Transmutation/Earth          4
   e - Lee's Rapid Deconstruction     Earth                        5
 r - a book of Minor Magic

   Spells                             Type                      Level
   a - Magic Dart                     Conjuration                  1
   b - Blink                          Translocation                2
   c - Call Imp                       Summoning                    2
   d - Repel Missiles                 Charms/Air                   2
   e - Slow                           Hexes                        2
   f - Conjure Flame                  Conjuration/Fire             3
   g - Mephitic Cloud                 Conjuration/Poison/Air       3
Comestibles
 d - 6 bread rations
 i - 2 royal jellies
 l - 2 beef jerkies
 p - a meat ration
 q - a chunk of flesh


   Skills:
 - Level 1.5 Dodging
 - Level 2.1 Stealth
 - Level 2.7 Spellcasting
   Level 0.7 Transmutations
 + Level 5.3 Earth Magic


You had 4 spell levels left.
You knew the following spells:

 Your Spells              Type           Power        Failure   Level  Hunger
a - Sandblast             Erth           ###...       1%          1    #......
b - Stone Arrow           Conj/Erth      ##....       21%         3    ###....


Dungeon Overview and Level Annotations

Branches:
Dungeon (3/15)

Altars:

Annotations:
D:3 Gorglomux's ghost, amateur MfGl


Innate Abilities, Weirdness & Mutations

You are resistant to torment.
Your stone body is resilient. (AC +3)
You are immune to poison.
You resist negative energy. (rN+)
You are resistant to electric shocks. (rElec)
You can survive without breathing.
You are immune to petrification.
You are immune to rotting.


Message History

Gorglomux's ghost screams, "You must not fail where I succeeded!"
Casting: Sandblast
Confirm with . or Enter, or press ? or * to list all spells.
Aiming: Sandblast
Press: ? - help, Shift-Dir - straight line, f/p - Gorglomux's ghost
Aim: Gorglomux's ghost (lightly damaged)
The rocky blast hits Gorglomux's ghost.
Gorglomux's ghost is moderately damaged.
Gorglomux's ghost hits you!
Ouch! That really hurt!
* * * LOW HITPOINT WARNING * * *
Casting: Sandblast
Confirm with . or Enter, or press ? or * to list all spells.
Aiming: Sandblast
Press: ? - help, Shift-Dir - straight line, f/p - Gorglomux's ghost
Aim: Gorglomux's ghost (moderately damaged)
The rocky blast hits Gorglomux's ghost.
Gorglomux's ghost is moderately damaged.
Gorglomux's ghost hits you!
You die...

.# .# .# .# .# ##.#
#..# #@# #W# #g# #.#
#.# #.# #.# ##
#.########
...#########....g...#


You could see Gorglomux's ghost and a goblin.

Vanquished Creatures
  2 oozes (D:2)
  A worm (D:2)
  A dart slug (D:3)
  4 leopard geckos (D:2)
  2 orcs (D:3)
  7 bats
  3 giant cockroaches
  6 goblins
  6 hobgoblins
  2 jackals (D:1)
  3 kobolds
  A quokka (D:2)
  2 ball pythons
  3 frilled lizards
  2 rats (D:2)
45 creatures vanquished.

Notes
Turn   | Place    | Note
-------+----------+-------------------------------------------
     0 | D:1      | Gorglomux the Gargoyle Earth Elementalist began the quest for the Orb.
     0 | D:1      | Reached XP level 1. HP: 10/10 MP: 3/3
    54 | D:1      | Reached XP level 2. HP: 15/15 MP: 0/5
    81 | D:1      | Reached skill level 4 in Earth Magic
   627 | D:2      | Reached XP level 3. HP: 18/19 MP: 0/6
   632 | D:2      | Learned a level 3 spell: Stone Arrow
  1248 | D:2      | Reached skill level 5 in Earth Magic
  1471 | D:2      | Reached XP level 4. HP: 24/24 MP: 6/8
  1816 | D:3      | Noticed Gorglomux's ghost (amateur MfGl)
  1863 | D:3      | HP: 1/24 [Gorglomux's ghost (13)]
  1864 | D:3      | Mangled by Gorglomux's ghost

Skill      XL: |  1  2  3 |
---------------+----------+-----
Earth Magic    | 4 5 |  5.3
Dodging        | |  1.5
Stealth        | |  2.1
Spellcasting   | |  2.7
Transmutations | |  0.7

Action                   |  1- 3 |  4- 6 || total
-------------------------+-------+-------++-------
Melee: Unarmed           |     2 |       ||     2
 Cast: Sandblast         |    51 |    18 ||    69
       Stone Arrow       |     1 |     1 ||     2
  Use: Scroll            |     3 |       ||     3
 Stab: Sleeping          |     1 |       ||     1
  Eat: Chunk             |     2 |     1 ||     3
Armor: Robe              |    11 |       ||    11
Dodge: Dodged            |    20 |     2 ||    22
